 Dungeon Crawl Stone Soup version 0.27-a0-412-g8dd771eca2 (webtiles) character file.

Game seed: 5798440775831275746

209956 jasper the Imperceptible (level 18, -4/93 HPs)
             Began as a Spriggan Enchanter on Feb 23, 2021.
             Was the Champion of Ashenzari.
             Slain by a salamander (11 damage)
             ... on level 3 of the Snake Pit.
             The game lasted 01:17:03 (37342 turns).

jasper the Imperceptible (Spriggan Enchanter)      Turns: 37342, Time: 01:17:03

Health: -4/93      AC: 11    Str:  8    XL:     18   Next: 54%
Magic:  32/32      EV: 37    Int: 24    God:    Ashenzari [******]
Gold:   745        SH: 12    Dex: 20    Spells: 9/35 levels left

rFire    . . .     SeeInvis +   p - +8 dagger of the Five Bones {venom, Dex+4} (curse)
rCold    + . .     Faith    .   Y - +3 warlock's mirror {reflect} (curse)
rNeg     + . .     Spirit   .   B - +4 robe "Tyoshull" {+Inv} (curse)
rPois    .         Reflect  +   j - +2 hat
rElec    .         Harm     .   M - +2 cloak (curse)
rCorr    .         Rampage  .   (gloves unavailable)
Will     ++++.     Clarity  +   (boots unavailable)
Stlth    ++++++++++             C - amulet "Xiostr Naunoll" {RegenMP +Fly rN+ Str+4} (curse)
HPRegen  0.25/turn              i - ring of willpower (curse)
MPRegen  0.48/turn              R - ring of protection from cold (curse)

@: studying Stealth, very quick
A: very small, unfitting armour, see invisible, speed 3, subdued magic 1
a: Renounce Religion, Evoke Invisibility, Evoke Flight, Curse Item, Scrying,
Transfer Knowledge


You were on level 3 of the Snake Pit.
You worshipped Ashenzari.
Ashenzari was exalted by your worship.
You visited 6 branches of the dungeon, and saw 30 of its levels.
You also visited: Volcano.

You collected 3835 gold pieces.
You spent 3090 gold pieces at shops.

Inventory:

Hand Weapons
 p - the cursed +8 dagger of the Five Bones (weapon) {venom, Dex+4}
   (You found it on level 2 of the Elven Halls)

   It poisons the flesh of those it strikes.
   It affects your dexterity (+4).
   It has a curse placed upon it.
 q - a +4 spectral quick blade
Missiles
 u - 9 curare-tipped darts
 v - 15 datura-tipped darts
 O - 2 throwing nets
 V - 11 silver boomerangs
Armour
 j - a +2 hat (worn)
 B - the cursed +4 robe "Tyoshull" (worn) {+Inv}
   (You found it on level 5 of the Dungeon)

   It lets you turn invisible.
   It has a curse placed upon it.
 E - a scarf of repulsion
 M - a cursed +2 cloak (worn)
 Y - the cursed +3 warlock's mirror (worn) {reflect}
   (You found it on level 11 of the Dungeon)

   It has a curse placed upon it.
Jewellery
 i - a cursed ring of willpower (left hand)
 C - the cursed amulet "Xiostr Naunoll" (around neck) {RegenMP +Fly rN+ Str+4}
   (You found it on level 5 of the Dungeon)

   [amulet of magic regeneration (curse)]

   It increases your magic regeneration.
   It affects your strength (+4).
   It protects you from negative energy.
   It lets you fly.
   It has a curse placed upon it.
 R - a cursed ring of protection from cold (right hand)
 U - the amulet of Ashenzari's Reproof {Faith rPois Will+}
   (You took it off a deep elf death mage on level 3 of the Elven Halls)

   [amulet of faith]

   It allows you to gain divine favour quickly.
   It protects you from poison.
   It affects your willpower, your defense against some magical effects.
 X - a +4 ring of evasion
Wands
 k - a wand of acid (1)
 A - a wand of paralysis (17)
 G - a wand of charming (9)
 N - a wand of polymorph (28)
Scrolls
 b - 2 scrolls of amnesia
 c - 19 scrolls of identify
 e - 13 scrolls of teleportation
 f - 6 scrolls of magic mapping
 m - 4 scrolls of enchant weapon
 o - 8 scrolls of fog
 x - 2 scrolls of blinking
 y - 7 scrolls of immolation
 z - 5 scrolls of enchant armour
 H - 2 scrolls of holy word
 I - 4 scrolls of torment
 J - 3 scrolls of summoning
 K - 2 scrolls of random uselessness
 P - 2 scrolls of fear
 W - a scroll of vulnerability
Potions
 g - 8 potions of heal wounds
 h - 13 potions of curing
 l - 6 potions of flight
 n - a potion of invisibility
 r - 2 potions of brilliance
 s - 3 potions of resistance
 t - 3 potions of cancellation
 w - 5 potions of magic
 F - 2 potions of berserk rage
 Q - 6 potions of might
 S - 4 potions of lignification
 T - 9 potions of haste
Miscellaneous
 a - a phial of floods
 d - a condenser vane (inert)
 D - a lightning rod (3/4)
 L - a phantom mirror


   Skills:
 - Level 10.0 Fighting
 - Level 11.6(15.8) Short Blades
 - Level 14.9(17.4) Dodging
 - Level 25.0(27) Stealth
 - Level 5.3(8.3) Shields
 + Level 9.2 Spellcasting
 + Level 8.7(13.1) Conjurations
 - Level 8.2(12.6) Hexes
 - Level 9.7(14.0) Transmutations
 + Level 10.3(14.5) Earth Magic
 - Level 17.3(21.1) Evocations


You had 9 spell levels left.
You knew the following spells:

 Your Spells              Type           Power        Failure   Level
a - Corona                Hex            58%          0%          1
b - Ensorcelled Hibernat  Hex/Ice        66%          1%          2
c - Confusing Touch       Hex            53%          1%          3
d - Tukima's Dance        Hex            53%          1%          3
e - Iron Shot             Conj/Erth      28%          2%          6
f - Statue Form           Tmut/Erth      38%          1%          6
g - Silence               Hex/Air        16%          9%          5

Your spell library contained the following spells:

 Spells                   Type           Power        Failure   Level
 Beastly Appendage        Tmut           100%         0%          1
 Shock                    Conj/Air       100%         1%          1
 Sting                    Tmut/Pois      100%         1%          1
 Slow                     Hex            53%          1%          2
 Dazzling Flash           Conj/Hex       100%         1%          3
 Ignite Poison            Fire/Tmut/Pois 27%          1%          3
 Inner Flame              Hex/Fire       33%          1%          3
 Portal Projectile        Hex/Tloc       66%          1%          3
 Stone Arrow              Conj/Erth      100%         1%          3
 Cause Fear               Hex            26%          1%          4
 Fulminant Prism          Conj/Hex       27%          1%          4
 Leda's Liquefaction      Hex/Erth       28%          1%          4
 Hydra Form               Tmut           28%          1%          6
 Hailstorm                Conj/Ice       34%          2%          4
 Sticky Flame             Conj/Fire      34%          2%          4
 Corpse Rot               Necr/Air       N/A          5%          2
 Borgnjor's Vile Clutch   Necr/Erth      18%          5%          5
 Alistair's Intoxication  Tmut/Pois      23%          6%          5
 Fireball                 Conj/Fire      17%          8%          5
 Lightning Bolt           Conj/Air       17%          8%          5
 Summon Mana Viper        Hex/Summ       33%          9%          5
 Airstrike                Air            5%           36%         4
 Animate Dead             Necr           5%           36%         4
 Starburst                Conj/Fire      17%          41%         6
 Summon Forest            Summ/Tloc      5%           73%         5
 Freezing Cloud           Conj/Ice/Air   13%          73%         6
 Lehudib's Crystal Spear  Conj/Erth      28%          75%         8
 Death Channel            Necr           5%           99%         6
 Shadow Creatures         Summ           N/A          99%         6
 Simulacrum               Ice/Necr       5%           99%         6
 Summon Hydra             Summ           5%           100%        7
 Chain Lightning          Conj/Air       17%          100%        8
 Ignition                 Fire           5%           100%        8
 Absolute Zero            Ice            5%           100%        9
 Fire Storm               Conj/Fire      17%          100%        9
 Tornado                  Air            5%           100%        9


Dungeon Overview and Level Annotations

Branches:
Dungeon (15/15)            Temple (1/1) D:7            Lair (6/6) D:8
  Swamp (0/4) Lair:3        Snake (3/4) Lair:2        Slime (0/5) Lair:5
    Orc (2/2) D:11            Elf (3/3) Orc:2        Vaults (0/5) D:13
 Depths (0/5) D:15        Volcano (visited)

Altars:
Ashenzari
Cheibriados
Dithmenos
Elyvilon
Fedhas
Gozag
Hepliaklqana
Kikubaaqudgha
Makhleb
Nemelex Xobeh
Okawaru
Qazlal
Ru
Sif Muna
Trog
Uskayaw
Vehumet
Wu Jian
Xom
Yredelemnul
Zin
The Shining One
Beogh
Jiyva

Shops:
D:6 *   D:7 !   D:12 (   Orc:2 [((?   Elf:3 ([:*   Snake:1 (==   Snake:2 =::

Portals:
Abyss: Orc:1
Trove: Elf:3 (give +3 fire dragon scales)

Annotations:
D:10 3 runed translucent doors, timneilson's ghost, journeyman GrFi
Lair:4 1 runed translucent door, exclusion: oklob plant
Lair:5 1 runed translucent door
Orc:1 2 transporters, Veudig's ghost, journeyman HOFi
Elf:1 6 runed translucent doors
Elf:2 4 runed translucent doors


Innate Abilities, Weirdness & Mutations

You are very small and have problems with some larger weapons.
You are too small for most types of armour.
You have supernaturally acute eyesight. (SInv)
You cover ground extremely quickly.
Your spells are a little easier to cast, but a little less powerful.


Message History

You reflect the arrow off your cursed +3 warlock's mirror {reflect}!
The arrow barely misses the salamander.
The anaconda misses you. The anaconda closely misses you.
The anaconda completely misses you. The anaconda closely misses you.
You see here an anaconda corpse.
The salamander mystic gestures at the naga sharpshooter while chanting.
The naga sharpshooter seems to speed up.
You block the salamander's attack. The anaconda grabs you.
The anaconda barely misses you.
* * * LOW HITPOINT WARNING * * *
The anaconda constricts you.
The salamander unwields a +0 shortbow of flaming.
It stops flaming.
You block the salamander's attack.
The salamander mystic points at you and mumbles some strange words.
The bolt of magma misses you.
The tree burns like a torch!
Things that are here:
a +1 dagger of venom; a +0 robe You take 1 damage, and have 33/120 hp.
You escape the anaconda's grasp.
The salamander shoots an arrow.
The arrow hits you but does no damage. You block the anaconda's attack.
The anaconda completely misses you. The salamander hits you!
* * * LOW HITPOINT WARNING * * *
You are engulfed in flames!
* * * LOW HITPOINT WARNING * * *
The anaconda barely misses you. You block the anaconda's attack.
You take 21 damage, and have 12/120 hp.
The salamander mystic gestures at the salamander while chanting.
The salamander seems to speed up.
The anaconda misses you. You block the anaconda's attack.
The salamander mystic points at the salamander and mumbles some strange words.
The salamander seems to speed up.
You revert to your normal fleshy form.
The cursed +4 robe "Tyoshull" {+Inv} unmelds from your body.
The anaconda misses you. You block the anaconda's attack.
The naga sharpshooter mumbles some strange words.
The naga sharpshooter magically shoots an arrow.
The arrow completely misses you. The salamander hits you.
* * * LOW HITPOINT WARNING * * *
You are engulfed in flames!
You die...

, ** #########..####*
, * ##.....## *
##.♣..[♣.## * * * *
##....††...# * * ,*
#.♣..N<...♣.# * * *,
* ##..NNNN(..# * , ,
, * *
***#..§.†.♣..#** ,,,*
* ,,,*,
...#..NS...#.... ,*,
* ,, ,
.....>.@...#...., ,
**
,,,,...#..#=........#
* *
*#################*


You could see 2 naga sharpshooters, a salamander mystic, 3 salamanders and an
anaconda.

Vanquished Creatures
  Nikola (Elf:2)
  2 deep elf blademasters (Elf:3)
  2 deep elf master archers (Elf:3)
  Roxanne (Elf:1)
  A nagaraja (Snake:2)
  4 deep elf sorcerers
  An orc warlord (Orc:2)
  3 deep elf elementalists (Elf:3)
  5 deep elf annihilators (Elf:3)
  Azrael (D:13)
  6 deep elf demonologists (Elf:3)
  Snorg (D:13)
  An ettin (D:15)
  8 deep elf death magi
  Josephine (Lair:4)
  4 deep elf high priests
  5 boulder beetles
  Harold (D:7)
  2 catoblepae
  4 naga warriors (Snake:1)
  7 centaur warriors
  12 hydras
  4 ogre magi (Orc:2)
  10 anacondas
  2 death knights (D:14)
  25 two-headed ogres
  14 dancing weapons
  5 death yaks
  Urug (D:12)
  5 naga sharpshooters
  A tengu warrior (D:15)
  A hell knight (D:15)
  A shock serpent (Snake:2)
  Nergalle (Orc:1)
  An orc high priest (Elf:1)
  Sonja (Orc:2)
  14 deep elf knights
  3 skeletal warriors (D:12)
  A salamander mystic (Snake:1)
  4 unseen horrors
  2 naga ritualists (Snake:3)
  A wolf spider zombie (D:15)
  A lindwurm (Lair:4)
  5 deep elf archers
  14 deep elf pyromancers
  21 deep elf zephyrmancers
  14 wizards (D:11)
  13 ugly things
  An orc sorcerer (Orc:2)
  6 mana vipers
  An orc knight (D:13)
  An orb spider (shapeshifter) (D:13)
  3 phantasmal warriors (D:14)
  8 salamanders
  2 cyclopes
  2 manticores (D:14)
  Joseph (D:7)
  Maurice (D:12)
  8 naga magi
  4 centaur zombies
  3 guardian serpents (Snake:1)
  5 elephants (Lair:6)
  3 torpor snails
  21 black mambas
  19 cane toads
  4 centaur skeletons
  A gargoyle (D:10)
  16 komodo dragons
  A freezing wraith (D:14)
  A kobold demonologist (D:15)
  6 rime drakes
  2 tengu conjurers
  Psyche (D:12)
  A queen bee (shapeshifter) (D:13)
  4 hornets
  11 polar bears
  A polar bear (shapeshifter) (Elf:3)
  A tyrant leech (Lair:3)
  6 trolls
  A meliai zombie (D:15)
  3 slime creatures (D:10)
  21 blink frogs
  3 dream sheep
  12 spriggans (Lair:6)
  4 air elementals
  3 shadows
  4 wyverns
  9 wraiths
  29 yaks
  A redback (Lair:3)
  A basilisk (Lair:4)
  A water elemental (Elf:2)
  15 humans (D:13)
  6 fire elementals
  2 fire bats (Volcano)
  A basilisk (shapeshifter) (D:13)
  A steam dragon (Lair:4)
  14 vampire mosquitoes
  Menkaure (D:7)
  A swamp worm (shapeshifter) (Elf:2)
  23 water moccasins
  4 wargs
  4 hell hounds
  22 nagas
  2 soldier ants
  An acid dragon (D:12)
  24 orc warriors
  4 sky beasts
  9 ice beasts
  5 black bears
  2 necrophages
  29 wolves
  28 ogres
  10 centaurs
  5 boggarts (Lair:6)
  4 phantoms
  2 kobold brigands
  Blork the orc (D:5)
  11 bullfrogs
  4 earth elementals
  A wyvern skeleton (D:10)
  4 scorpions
  A water moccasin skeleton (D:8)
  21 killer bees
  9 wights
  2 electric eels
  A howler monkey (D:13)
  2 bullfrog zombies
  6 hounds
  A wyvern simulacrum (D:13)
  5 jellies
  19 orc priests
  A bullfrog skeleton (D:7)
  5 iguanas
  27 orc wizards
  6 hell rats (Lair:5)
  7 worker ants
  A hound skeleton (D:10)
  A hound zombie (D:8)
  A worker ant zombie (D:8)
  7 gnolls
  15 adders
  3 river rats (D:5)
  2 shadow imps (D:7)
  2 white imps
  An ufetubus (D:8)
  3 oozes
  2 adder skeletons
  3 worms
  6 dart slugs
  A leopard gecko (D:10)
  88 orcs
  2 ball pythons (Lair:2)
  4 giant cockroaches
  10 goblins
  8 hobgoblins
  20 jackals
  37 kobolds
  4 quokkas
  6 bats
  8 frilled lizards
  A jackal zombie (D:5)
  2 leopard gecko skeletons
  14 rats
1080 creatures vanquished.

Vanquished Creatures (collateral kills)
  3 orcs
3 creatures vanquished.

Vanquished Creatures (others)
  A deep elf high priest (Elf:3)
  A deep elf pyromancer (Elf:2)
  A salamander (Snake:1)
  An air elemental (Elf:2)
  A human (D:13)
  A naga (Snake:2)
  2 wargs (Orc:2)
  An orc priest (D:6)
  A gnoll (D:2)
  2 orcs (Elf:1)
  A goblin (D:2)
  A kobold (D:10)
  44 fungi
  52 plants
110 creatures vanquished.

Grand Total: 1193 creatures vanquished

Notes
Turn   | Place    | Note
-------+----------+-------------------------------------------
     0 | D:1      | jasper the Spriggan Enchanter began the quest for the Orb.
     0 | D:1      | Reached XP level 1. HP: 9/9 MP: 5/5
   230 | D:2      | Reached XP level 2. HP: 13/13 MP: 6/6
   250 | D:2      | Learned a level 2 spell: Ensorcelled Hibernation
   667 | D:2      | Reached skill level 5 in Stealth
   667 | D:2      | Reached XP level 3. HP: 13/16 MP: 8/8
  1154 | D:1      | Reached XP level 4. HP: 21/21 MP: 6/9
  2183 | D:2      | Reached skill level 5 in Hexes
  2646 | D:3      | Reached XP level 5. HP: 24/24 MP: 5/10
  2650 | D:3      | Learned a level 3 spell: Confusing Touch
  2654 | D:3      | Learned a level 3 spell: Tukima's Dance
  3467 | D:4      | Reached skill level 6 in Stealth
  4134 | D:4      | Noticed a phantom
  4167 | D:4      | Killed a phantom
  4168 | D:4      | Reached XP level 6. HP: 15/28 MP: 8/11
  4189 | D:4      | Identified the Guide on Toxins and Confrontation
  4703 | D:5      | Entered Level 5 of the Dungeon
  4784 | D:5      | Reached skill level 7 in Stealth
  5015 | D:5      | Noticed Blork the orc
  5020 | D:5      | Killed Blork the orc
  5021 | D:5      | Reached XP level 7. HP: 32/32 MP: 12/12
  5106 | D:5      | Got a fine robe
  5229 | D:5      | Reached skill level 8 in Stealth
  5295 | D:5      | Identified the +4 robe "Tyoshull" {+Inv} (You found it on
                  | level 5 of the Dungeon)
  5306 | D:5      | Got a warped sapphire amulet
  5349 | D:5      | Identified the amulet "Xiostr Naunoll" {RegenMP +Fly rN+
                  | Str+4} (You found it on level 5 of the Dungeon)
  5393 | D:5      | Reached skill level 5 in Short Blades
  5602 | D:5      | Reached XP level 8. HP: 36/36 MP: 13/13
  6178 | D:6      | Found Horips's Assorted Antiques.
  6198 | D:6      | Reached skill level 9 in Stealth
  6312 | D:6      | Bought a long wooden wand for 60 gold pieces
  6312 | D:6      | Bought a scroll of identify for 30 gold pieces
  6312 | D:6      | Bought a metallic orange potion for 13 gold pieces
  6312 | D:6      | Bought a scroll labelled LUPRUI YFUKINU for 15 gold pieces
  6312 | D:6      | Bought a scroll labelled ROR HENNIXET for 15 gold pieces
  6312 | D:6      | Bought a scroll labelled LUTTATZ BIDUOBICO for 15 gold
                  | pieces
  6538 | D:6      | Reached skill level 10 in Stealth
  7478 | D:7      | Noticed a cyclops
  7480 | D:7      | Noticed a two-headed ogre
  7486 | D:7      | Killed a cyclops
  7487 | D:7      | Reached XP level 9. HP: 39/39 MP: 14/14
  7490 | D:7      | Noticed Joseph
  7493 | D:7      | Killed a two-headed ogre
  7496 | D:7      | Killed Joseph
  7556 | D:7      | Found Buraneic's Distillery.
  7572 | D:7      | Reached skill level 1 in Evocations
  7611 | D:7      | Bought 2 potions of curing for 84 gold pieces
  7611 | D:7      | Bought a potion of heal wounds for 70 gold pieces
  7661 | D:7      | Noticed Menkaure
  7665 | D:7      | Killed Menkaure
  7666 | D:7      | Reached skill level 5 in Evocations
  7669 | D:7      | Found a staircase to the Ecumenical Temple.
  7675 | Temple   | Entered the Ecumenical Temple
  7685 | Temple   | Became a worshipper of Ashenzari the Shackled
  7970 | D:7      | Reached XP level 10. HP: 44/44 MP: 15/15
  8055 | D:7      | Noticed Harold
  8076 | D:7      | Killed Harold
  8077 | D:7      | Reached skill level 10 in Evocations
  8121 | D:7      | Identified the +5 ring mail of the Shrike {Dex+3} (You
                  | found it on level 4 of the Dungeon)
  8728 | D:8      | Noticed a two-headed ogre
  8735 | D:8      | Killed a two-headed ogre
  9241 | D:8      | Found a staircase to the Lair.
  9279 | D:8      | Reached skill level 15 in Evocations
  9361 | D:8      | Noticed a two-headed ogre
  9367 | D:8      | Reached * piety under Ashenzari
  9368 | D:8      | Killed a two-headed ogre
  9430 | D:8      | Found an ancient bone altar of Kikubaaqudgha.
  9997 | D:9      | Reached XP level 11. HP: 44/45 MP: 16/16
 10208 | D:9      | Found a blossoming altar of Fedhas.
 10941 | D:10     | Entered Level 10 of the Dungeon
 10942 | D:10     | Found a runed translucent gate.
 10942 | D:10     | Found a runed translucent gate.
 10942 | D:10     | Found a runed translucent gate.
 10966 | D:10     | Noticed timneilson's ghost (journeyman GrFi)
 10968 | D:10     | Found a viscous altar of Jiyva.
 11075 | D:10     | Reached ** piety under Ashenzari
 11111 | D:10     | Reached skill level 1 in Fighting
 11645 | D:10     | Noticed an unseen horror
 11652 | D:10     | Killed an unseen horror
 11653 | D:10     | Reached skill level 5 in Dodging
 11653 | D:10     | Reached skill level 11 in Stealth
 12273 | D:11     | Noticed a two-headed ogre
 12286 | D:11     | Killed a two-headed ogre
 12431 | D:11     | Found a staircase to the Orcish Mines.
 12445 | D:11     | Found a roughly hewn altar of Beogh.
 12461 | D:11     | Reached skill level 12 in Stealth
 12754 | D:11     | Noticed a wizard
 12762 | D:11     | Killed a wizard
 12796 | D:11     | Noticed a wizard
 12797 | D:11     | Noticed a wizard
 12801 | D:11     | Noticed a wizard
 12813 | D:11     | Killed a wizard
 12815 | D:11     | Killed a wizard
 12822 | D:11     | Killed a wizard
 12824 | D:11     | Noticed a wizard
 12831 | D:11     | Killed a wizard
 12832 | D:11     | Reached XP level 12. HP: 57/58 MP: 17/17
 12837 | D:11     | Reached skill level 13 in Stealth
 12838 | D:11     | Found the +3 warlock's mirror {reflect}
 12894 | D:11     | Reached skill level 5 in Fighting
 13319 | D:11     | Reached skill level 14 in Stealth
 13420 | Lair:1   | Entered Level 1 of the Lair of Beasts
 13425 | Lair:1   | Reached *** piety under Ashenzari
 13442 | Lair:1   | Reached skill level 1 in Shields
 13493 | Lair:1   | Noticed a seven-headed hydra
 13499 | Lair:1   | Killed a seven-headed hydra
 13716 | Lair:1   | Noticed a five-headed hydra
 13723 | Lair:1   | Killed a five-headed hydra
 13955 | Lair:1   | Reached skill level 5 in Shields
 14062 | Lair:2   | Noticed an ice dragon
 14403 | Orc:1    | Entered Level 1 of the Orcish Mines
 14480 | Orc:1    | Noticed Nergalle
 14487 | Orc:1    | Killed Nergalle
 14582 | Orc:1    | Identified the +7 triple sword "Uquigiboeg" {distort,
                  | *Contam rC+ SInv}
 14593 | Orc:1    | Found a transporter.
 14609 | Orc:1    | Found an iron altar of Okawaru.
 14711 | Orc:1    | Found a transporter.
 14716 | Orc:1    | Found a one-way gate to the infinite horrors of the Abyss.
 14716 | Orc:1    | Noticed Veudig's ghost (journeyman HOFi)
 15007 | Orc:1    | Reached **** piety under Ashenzari
 15178 | Orc:2    | Entered Level 2 of the Orcish Mines
 15397 | Orc:2    | Found a staircase to the Elven Halls.
 15406 | Orc:2    | Reached XP level 13. HP: 62/63 MP: 18/18
 15556 | Orc:2    | Noticed an orc warlord
 15973 | Orc:2    | Reached skill level 10 in Dodging
 15997 | Orc:2    | Noticed Sonja
 16029 | Orc:2    | Killed Sonja
 16352 | Orc:2    | Reached skill level 15 in Stealth
 16410 | Orc:2    | Killed an orc warlord
 16411 | Orc:2    | Reached skill level 16 in Stealth
 16871 | Orc:2    | Found Punkig's Antique Weapon Shoppe.
 16871 | Orc:2    | Found Kyropta's Antique Armour Shop.
 16872 | Orc:2    | Found Buvvaigh's Magic Scroll Boutique.
 16872 | Orc:2    | Found Gaxareeb's Weapon Shoppe.
 16880 | Orc:2    | Bought a scroll of identify for 26 gold pieces
 16880 | Orc:2    | Bought a scroll of fog for 26 gold pieces
 16880 | Orc:2    | Bought a scroll of fog for 26 gold pieces
 16880 | Orc:2    | Bought a scroll of fear for 45 gold pieces
 16880 | Orc:2    | Bought a scroll of blinking for 97 gold pieces
 16880 | Orc:2    | Bought a scroll of identify for 26 gold pieces
 16880 | Orc:2    | Bought a scroll of teleportation for 39 gold pieces
 16880 | Orc:2    | Bought a scroll of identify for 26 gold pieces
 17377 | D:6      | Bought a condenser vane for 600 gold pieces
 17476 | Lair:2   | Reached ***** piety under Ashenzari
 17596 | Lair:2   | Found a staircase to the Snake Pit.
 17730 | Lair:2   | Reached XP level 14. HP: 53/73 MP: 19/19
 18539 | Lair:3   | Found a staircase to the Swamp.
 18767 | Lair:3   | Reached skill level 17 in Stealth
 18951 | Lair:3   | Found a runed translucent door.
 19002 | Lair:3   | Identified the +9 falchion "Waowkyor" {freeze, rF+}
 19243 | Lair:3   | Identified the +10 whip of the Orb {freeze, rPois rC- rN+}
 19536 | Lair:4   | Noticed Josephine
 19544 | Lair:4   | Killed Josephine
 19579 | Lair:4   | Found a runed translucent door.
 20028 | Lair:4   | Reached skill level 18 in Stealth
 21240 | Lair:5   | Found a runed translucent door.
 21240 | Lair:5   | Found a viscous altar of Jiyva.
 21249 | Lair:5   | Identified the Tome of Torrid Attacks
 21625 | Lair:5   | Reached ****** piety under Ashenzari
 21815 | Lair:5   | Reached XP level 15. HP: 75/76 MP: 20/20
 21989 | Lair:5   | Found a staircase to the Slime Pits.
 22256 | Lair:6   | Entered Level 6 of the Lair of Beasts
 22335 | Lair:6   | Found a dark tunnel.
 22344 | Volcano  | Entered a volcano
 22409 | Volcano  | Reached skill level 10 in Fighting
 22658 | Lair:6   | Reached skill level 19 in Stealth
 22893 | Lair:6   | Reached skill level 20 in Stealth
 23737 | Lair:6   | Reached skill level 21 in Stealth
 24876 | D:12     | Noticed Maurice
 24883 | D:12     | Killed Maurice
 25178 | D:12     | Noticed Urug
 25188 | D:12     | Killed Urug
 25263 | D:12     | Found a shimmering blue altar of Sif Muna.
 25297 | D:12     | Identified the +8 long sword of Offence {freeze, rF- Int+5
                  | Dex+2 SInv}
 25462 | D:12     | Found Polomeke's Weapon Boutique.
 25638 | D:12     | Noticed Psyche
 25647 | D:12     | Killed Psyche
 25815 | D:13     | Reached skill level 22 in Stealth
 25828 | D:13     | Found a gate to the Vaults.
 25945 | D:13     | Noticed Snorg
 25999 | D:13     | Killed Snorg
 26015 | D:13     | Identified Sif Muna's Incunabulum of Gliding Poisoning
 26436 | D:13     | Identified the +1 scale mail "Fainut" {Will- Str+5}
 26452 | D:13     | Reached skill level 23 in Stealth
 26452 | D:13     | Noticed Azrael
 26456 | D:13     | Identified the +0 leather armour of Precision Catastrophes
                  | {Str+3}
 26462 | D:13     | Killed Azrael
 27268 | D:14     | Reached XP level 16. HP: 85/85 MP: 21/21
 27387 | D:14     | Reached skill level 24 in Stealth
 27680 | D:14     | Reached skill level 25 in Stealth
 27686 | D:14     | Reached skill level 1 in Earth Magic
 27778 | D:14     | Reached skill level 1 in Conjurations
 27785 | D:14     | Learned a level 6 spell: Iron Shot
 28450 | D:15     | Entered Level 15 of the Dungeon
 29714 | D:15     | Identified the +1 ring mail "Tipserug" {*Slow rF++ Str+2}
 29729 | D:15     | Reached skill level 5 in Earth Magic
 29916 | D:15     | Found a staircase to the Depths.
 30127 | Elf:1    | Entered Level 1 of the Elven Halls
 31066 | Elf:1    | Reached skill level 5 in Conjurations
 31188 | Elf:1    | Identified Roxanne's Volume of Transmigration
 31188 | Elf:1    | Noticed Roxanne
 31201 | Elf:1    | Killed Roxanne
 31211 | Elf:1    | Learned a level 6 spell: Statue Form
 31264 | Elf:1    | Reached skill level 1 in Transmutations
 31654 | Elf:1    | Reached XP level 17. HP: 65/86 MP: 22/22
 31666 | Elf:1    | Found a runed translucent gate.
 31666 | Elf:1    | Found a runed translucent gate.
 31666 | Elf:1    | Found a runed translucent gate.
 31666 | Elf:1    | Found a runed translucent gate.
 31666 | Elf:1    | Found a runed translucent gate.
 31668 | Elf:1    | Found a runed translucent gate.
 32221 | Elf:2    | Identified the +8 dagger of the Five Bones {venom, Dex+4}
 32306 | Elf:2    | Reached skill level 5 in Transmutations
 32363 | Elf:2    | Identified the +8 mace "Fyixai" {freeze, rPois}
 33210 | Elf:2    | Found a large runed translucent door.
 33210 | Elf:2    | Found a large runed translucent door.
 33291 | Elf:2    | Found a large runed translucent door.
 33291 | Elf:2    | Found a large runed translucent door.
 33360 | Elf:2    | Noticed Nikola
 33367 | Elf:2    | Killed Nikola
 33509 | Elf:3    | Entered Level 3 of the Elven Halls
 33509 | Elf:3    | Found Dufol's Book Emporium.
 33516 | Elf:3    | Bought a book of Annihilations for 1766 gold pieces
 33605 | Elf:3    | Found Ecemeh's Assorted Antiques.
 33614 | Elf:3    | Bought a potion of curing for 111 gold pieces
 33641 | Elf:3    | Found Meur's Armour Boutique.
 33913 | Elf:3    | Found a portal to a secret trove of treasure.
 34140 | Elf:3    | Found Ryrruscha's Antique Weapon Shop.
 34264 | Elf:3    | Identified the +6 scimitar of Moackera {antimagic, +Blink}
 34266 | Elf:3    | Noticed a deep elf blademaster
 34278 | Elf:3    | Noticed a deep elf blademaster
 34284 | Elf:3    | Killed a deep elf blademaster
 34286 | Elf:3    | Killed a deep elf blademaster
 34287 | Elf:3    | Noticed a Brimstone Fiend
 34287 | Elf:3    | Gained mutation: Your spells are a little easier to cast,
                  | but a little less powerful. [a cacodemon]
 34291 | Elf:3    | Reached skill level 5 in Spellcasting
 34293 | Elf:3    | Noticed a deep elf master archer
 34295 | Elf:3    | Killed a deep elf master archer
 34296 | Elf:3    | Noticed a deep elf master archer
 34299 | Elf:3    | Killed a deep elf master archer
 34491 | Elf:3    | Reached XP level 18. HP: 89/91 MP: 28/28
 34532 | Elf:3    | Identified the amulet of Ashenzari's Reproof {Faith rPois
                  | Will+}
 34550 | Elf:3    | Identified the +5 rapier of the Ecumenical Temple {vorpal,
                  | +Blink}
 34554 | Elf:3    | Identified the amulet of Midnight {Acrobat +Fly rC- rN++
                  | MP+9}
 34575 | Elf:3    | Identified Jidic's Catalogue of the Glacier and the Birds
 34593 | Elf:3    | Identified the ring "Lauk Fuu" {Str+2 Dex+6}
 34898 | Elf:3    | Learned a level 5 spell: Silence
 35210 | Snake:1  | Entered Level 1 of the Snake Pit
 35593 | Snake:1  | Found Itio's Weapon Shop.
 35595 | Snake:1  | Found Lake's Jewellery Boutique.
 35597 | Snake:1  | Found Deggyps's Jewellery Shop.
 35693 | Snake:1  | Found a shimmering altar of Xom.
 36415 | Snake:2  | Found Vonaump's Book Boutique.
 36417 | Snake:2  | Found Gifol's Jewellery Emporium.
 36418 | Snake:2  | Found Syneamm's Book Boutique.
 36695 | Snake:2  | Reached skill level 10 in Earth Magic
 37118 | Snake:2  | Found a shimmering blue altar of Sif Muna.
 37342 | Snake:3  | Slain by a salamander

Illustrated notes

Levels and vault maps discovered:
D:1:      wander_arrival_lonely_grave, layout_rooms, nrook_uturn,
          minmay_pentomino_w2
D:2:      layout_rooms, grunt_ministairs_14, lemuel_old_faithful
D:3:      layout_loops_ring, minmay_vboxes
D:4:      layout_loops_ring, minmay_checkerbox
D:5:      layout_loops_ring, lightli_sewer_entry_pipes, uniq_blork_the_orc
D:6:      layout_basic, serial_shops, shop_fountains
D:7:      layout_basic, minmay_temple_entry_arrows, serial_shops,
          nicolae_shop_competitors_out_of_business, grunt_ministairs_12,
          minmay_manual_moon, uniq_harold, uniq_menkaure, uniq_joseph
D:8:      layout_basic, kiku_gazebo_pond_becter, erik_lair_orcish_takeover
D:9:      kennysheep_kobold_camp, layout_loops_ring, basic_altar
D:10:     layout_small_grid, gammafunk_ghost_ooze
D:11:     minmay_smoke_and_mirrors, layout_basic, minmay_orc_entry_temple_small
D:12:     layout_loops_ring, serial_shops, shop, minmay_misc_feat_encased,
          lemuel_blue_sif_altar, uniq_urug, uniq_maurice, uniq_psyche
D:13:     minmay_tri_box, layout_irregular_city, david_vaults_3,
          nicolae_two_hexagons, uniq_azrael, uniq_snorg
D:14:     layout_loops_corners, roderic_lattice_a
D:15:     hangedman_depths_entry_civil_slaughter, layout_rooms,
          minmay_misc_feat_more_columns, fungi_pond_lemuel, serial_park_tiny_1
Temple:   dpeg_three_leaves_temple
Lair:1:   layout_roguey, serial_bayou_shore_b
Lair:2:   layout_regular_city, minmay_snake_entry_six_corridors, ice2_lemuel,
          lemuel_fruit_fields
Lair:3:   gammafunk_indiana_jones, layout_regular_city,
          minmay_swamp_entry_worms, grunt_megastairs_4
Lair:4:   nzn_winding_woodlands_huge [nzn_winding_woodlands_5x15_garden,
          nzn_winding_woodlands_5x15_zeroes, nzn_winding_woodlands_5x15_pockets,
          nzn_winding_woodlands_5x15_jagged,
          nzn_winding_woodlands_5x15_lazy_stream,
          nzn_winding_woodlands_5x15_parted, nzn_winding_woodlands_5x15_pool,
          nzn_winding_woodlands_5x15_split_checker,
          nzn_winding_woodlands_5x15_longhouse,
          nzn_winding_woodlands_5x15_twine, nzn_winding_woodlands_center_garden,
          nzn_winding_woodlands_center_pierced_h,
          nzn_winding_woodlands_15x15_killbox], layout_regular_city,
          pf_torpor_hydra, serial_bayou_shore_b, uniq_josephine
Lair:5:   layout_regular_city, slime_altar_2
Lair:6:   minmay_lair_end_enchanted_forest, layout_regular_city,
          nicolae_volcano_entry_hallway, chequers_serial_rivers_small_a
Snake:1:  layout_rooms, basic_altar, minmay_shop_star, grunt_megastairs_5
Snake:2:  layout_onion, basic_altar, minmay_shop_grove, grunt_megastairs_1
Snake:3:  layout_concentric_octagons, grunt_ministairs_2
Orc:1:    layout_caves, gammafunk_ghost_abyssal_escape,
          okawaru_metal_pillars_1_2, uniq_nergalle
Orc:2:    st_orc_ogre_mass, layout_diamond_mine, uniq_sonja
Elf:1:    eino_elf_arrival_the_gate, layout_loops_corners, orc_legates,
          uniq_roxanne
Elf:2:    layout_onion_city, serial_sigils, serial_sigils_hangedman_quiver,
          serial_sigils_hangedman_gut, serial_sigils_hangedman_gut,
          serial_sigils_hangedman_writhe, serial_sigils_hangedman_snap,
          uniq_nikola
Elf:3:    elf_hall, layout_gridlike, serial_shops, shop_fountains,
          shop_fountains, shop, shop, enter_trove_1

Skill      XL: |  1  2  3  4  5  6  7  8  9 10 11 12 13 14 15 16 17 18 |
---------------+-------------------------------------------------------+-----
Spellcasting   | 3 6 9 |  9.2
Hexes          | 4 5 6 7 8 |  8.2
Stealth        | 5 6 7 8 10 12 14 16 18 23 25 | 25.0
Short Blades   | 2 3 4 5 9 11 | 11.6
Evocations     | 7 16 17 | 17.3
Dodging        | 8 9 12 14 | 14.9
Fighting       | 4 5 8 9 10 | 10.0
Shields        | 5 |  5.3
Earth Magic    | 6 9 10 | 10.3
Conjurations   | 5 7 8 |  8.7
Transmutations | 3 9 |  9.7

Action                   |  1- 3 |  4- 6 |  7- 9 | 10-12 | 13-15 | 16-18 || total
-------------------------+-------+-------+-------+-------+-------+-------++-------
Melee: Dagger            |    81 |   205 |   171 |   625 |   960 |   954 ||  2996
 Cast: Corona            |     3 |     1 |       |       |       |       ||     4
       Ensorcelled Hiber |    20 |    56 |    86 |    81 |   323 |    58 ||   624
       Confusing Touch   |       |     4 |     9 |    22 |    25 |    25 ||    85
       Tukima's Dance    |       |       |       |     1 |       |       ||     1
       Iron Shot         |       |       |       |       |       |    31 ||    31
       Statue Form       |       |       |       |       |       |    12 ||    12
       Silence           |       |       |       |       |       |     1 ||     1
Invok: Curse Item        |       |       |     5 |     1 |       |     2 ||     8
 Abil: Evoke Invisibilit |       |       |       |    15 |    17 |    14 ||    46
Evoke: Wand              |       |       |     4 |       |    49 |     3 ||    56
       Phial of floods   |       |       |       |       |     6 |     2 ||     8
       Condenser vane    |       |       |       |       |     5 |     7 ||    12
       Lightning rod     |       |       |       |       |     7 |    18 ||    25
  Use: Scroll            |       |     1 |       |       |     1 |     3 ||     5
       Potion            |       |     1 |       |     1 |     2 |       ||     4
 Stab: Sleeping          |    19 |    52 |    68 |    76 |   199 |    98 ||   512
       Confused          |       |     5 |    10 |    23 |    22 |    21 ||    81
       Invisible         |       |       |       |    73 |    84 |    61 ||   218
       Distracted        |       |       |       |     3 |     2 |     3 ||     8
       Paralysed         |       |       |       |       |     1 |     1 ||     2
Armor: Robe              |     4 |    21 |     9 |    38 |    46 |    24 ||   142
       Skin              |       |       |       |       |       |    41 ||    41
Dodge: Dodged            |    50 |   134 |    80 |   339 |   677 |   719 ||  1999
Block: Other             |       |    12 |     3 |       |       |       ||    15
       Buckler           |       |       |       |    54 |   462 |   430 ||   946
       Reflection        |       |       |       |     4 |    11 |    45 ||    60

Table legend: (Time is in decaauts)
 A = Elapsed time spent in this place.
 B = Non-inter-level travel time spent in this place.
 C = Inter-level travel time spent in this place.
 D = Time resting spent in this place.
 E = Time spent auto-exploring this place.
 F = Levels seen in this place.
 G = Mean time per level.
                   A        B        C        D        E       F      G
               +--------+--------+--------+--------+--------+-----+--------+
         Total |  28195 |  26820 |   1375 |   4141 |  16604 |  31 |  909.5 |
       Dungeon |  14161 |  13442 |    719 |   2365 |   8414 |  15 |  944.1 |
        Temple |    152 |    140 |     12 |      0 |    124 |   1 |  152.0 |
          Lair |   6038 |   5782 |    256 |    920 |   3575 |   6 | 1006.3 |
     Snake Pit |   1776 |   1739 |     37 |     49 |    972 |   3 |  592.0 |
  Orcish Mines |   2135 |   1998 |    137 |    358 |   1153 |   2 | 1067.5 |
   Elven Halls |   3701 |   3489 |    212 |    360 |   2360 |   3 | 1233.7 |
       Volcano |    229 |    229 |      0 |     87 |      3 |   1 |  229.0 |
               +--------+--------+--------+--------+--------+-----+--------+

Top non-repeatable levels by time:
   Elf:1: 1636 daAuts
   Orc:2: 1608 daAuts
  Lair:4: 1586 daAuts
  Lair:6: 1536 daAuts
    D:14: 1441 daAuts
  Lair:3: 1177 daAuts
     D:5: 1154 daAuts
    D:11: 1152 daAuts
   Elf:3: 1054 daAuts
    D:13: 1050 daAuts
     D:8: 1038 daAuts
   Elf:2: 1010 daAuts
     D:4: 985 daAuts
     D:2: 963 daAuts
     D:6: 936 daAuts
